 Dungeon Crawl Stone Soup version 0.22-a0-776-ge6d7efa (webtiles) character file.

156522 iamserjio the Spry (level 17, -8/91 HPs)
             Began as a Spriggan Monk on July 17, 2018.
             Was the Champion of Yredelemnul.
             Mangled by a halberd of protection (35 damage)
             ... on level 2 of the Elven Halls on July 18, 2018.
             The game lasted 03:21:42 (41279 turns).

iamserjio the Spry (Spriggan Monk)                 Turns: 41279, Time: 03:21:42

Health: -8/91      AC:  5    Str: 13    XL:     17   Next: 10%
Magic:  30/30      EV: 39    Int: 25    God:    Yredelemnul [******]
Gold:   1616       SH:  2    Dex: 31    Spells: 1/33 levels left

rFire    . . .     SeeInvis +   C - +8 dagger "Putu" {pierce, *Slow Str+4 Dex+4}
rCold    . . .     Gourm    .   (shield restricted)
rNeg     . . .     Faith    .   x - +0 troll leather armour
rPois    .         Spirit   .   g - +2 hat
rElec    .         Reflect  +   Y - -2 cloak of Focus {+Inv Int+7}
rCorr    .         Harm     .   (gloves unavailable)
MR       ++++.                  (boots unavailable)
Stlth    +++++++...             t - +2 amulet of reflection
HPRegen  0.65/turn              T - +5 ring of dexterity
MPRegen  0.22/turn              u - ring of Nurodobi {MR++ Int+5 Slay+2}

@: lethally poisoned (-8 -> -13), very quick
A: very small, unfitting armour, see invisible, herbivore, speed 3, slow
metabolism 2
a: Recall Undead Slaves, Injury Mirror, Animate Dead, Drain Life, Enslave Soul,
Renounce Religion, Evoke Invisibility


You were on level 2 of the Elven Halls.
You worshipped Yredelemnul.
Yredelemnul was exalted by your worship.
You were not hungry.

You visited 7 branches of the dungeon, and saw 29 of its levels.
You also visited: Labyrinth and Volcano.

You collected 3532 gold pieces.
You spent 1916 gold pieces at shops.

Inventory:

Hand Weapons
 C - the +8 dagger "Putu" (weapon) {pierce, *Slow Str+4 Dex+4}
   (You bought it in a shop on level 10 of the Dungeon)

   It inflicts extra damage upon your enemies.
   It affects your strength (+4).
   It affects your dexterity (+4).
   It may slow you when you take damage.
 G - a +2 rapier of electrocution
Missiles
 Z - 4 throwing nets (quivered) {!f}
Armour
 g - a +2 hat (worn)
 h - +0 shadow dragon scales
 m - +0 ice dragon scales
 x - a +0 troll leather armour (worn)
 O - +0 fire dragon scales
 Y - the -2 cloak of Focus (worn) {+Inv Int+7}
   (You bought it in a shop on level 13 of the Dungeon)

   It affects your intelligence (+7).
   It lets you turn invisible.
Jewellery
 t - a +2 amulet of reflection (around neck)
 u - the ring of Nurodobi (right hand) {MR++ Int+5 Slay+2}
   (You found it on level 14 of the Dungeon)

   [ring of intelligence]

   It affects your intelligence (+5).
   It affects your accuracy and damage with ranged weapons and melee attacks
   (+2).
   It affects your resistance to hostile enchantments.
 v - an uncursed ring of protection from cold
 B - an uncursed ring of resist corrosion
 I - the ring "Vajyha" {rF+ MR+}
   (You took it off a deep elf demonologist on level 3 of the Elven Halls)

   [ring of protection from magic]

   It protects you from fire.
   It affects your resistance to hostile enchantments.
 T - a +5 ring of dexterity (left hand)
Wands
 a - a wand of paralysis (29)
 b - a wand of acid (12)
 w - a wand of iceblast (12)
 M - a wand of digging (12)
 U - a wand of clouds (6)
 X - a wand of flame (54)
Scrolls
 e - 10 scrolls of fog
 f - 9 scrolls of teleportation
 i - 3 scrolls of blinking
 j - 4 scrolls of vulnerability
 n - 5 scrolls of fear
 o - 3 scrolls of magic mapping
 q - 13 scrolls of remove curse {@r2}
 y - 10 scrolls of enchant armour
 A - a scroll of brand weapon
 E - 3 scrolls of enchant weapon
 H - 2 scrolls of acquirement
 N - a scroll of summoning
Potions
 d - 6 potions of brilliance
 k - 5 potions of resistance
 l - 7 potions of mutation
 p - 3 potions of agility
 r - 3 potions of magic
 s - 3 potions of cancellation
 J - a potion of berserk rage
 K - 4 potions of might
 L - 8 potions of curing {@q1}
 P - 8 potions of flight
 Q - 6 potions of haste
 S - 4 potions of heal wounds
 V - 4 potions of ambrosia
Miscellaneous
 z - a phial of floods
 D - a box of beasts
 F - 2 phantom mirrors
 R - a sack of spiders
 W - a lamp of fire
Comestibles
 c - 25 rations


   Skills:
 + Level 11.2 Fighting
 - Level 10.0 Short Blades
 + Level 3.7 Armour
 * Level 18.6 Dodging
 + Level 16.5 Stealth
 + Level 8.8 Spellcasting
 - Level 12.0 Hexes
 - Level 2.0 Summonings
 - Level 2.1 Translocations
 - Level 11.0 Invocations
 + Level 15.6 Evocations


You had one spell level left.
You knew the following spells:

 Your Spells              Type           Power        Failure   Level  Hunger
a - Confuse               Hex            ######..     1%          3    None
b - Animate Skeleton      Necr           N/A          7%          1    None
c - Blink                 Tloc           N/A          4%          2    None
d - Slow                  Hex            ######..     1%          2    None
e - Regeneration          Chrm/Necr      ##........   21%         3    None
f - Summon Mana Viper     Hex/Summ       #####...     11%         5    ####...
g - Apportation           Tloc           ###...       2%          1    None
h - Passwall              Tmut/Erth      ##......     11%         2    None
i - Invisibility          Hex            ######..     8%          6    ######.
j - Darkness              Hex            ######....   8%          6    ######.
k - Summon Butterflies    Summ           ###.....     3%          1    None

Your spell library contained the following spells:

 Spells                   Type           Power        Failure   Level  Hunger
 Magic Dart               Conj           ##..         7%          1    None
 Fireball                 Conj/Fire      ##........   88%         5    ####...
 Conjure Flame            Conj/Fire      ##......     21%         3    None
 Lightning Bolt           Conj/Air       ##........   88%         5    ####...
 Bolt of Magma            Conj/Fire/Erth ##........   88%         5    ####...
 Throw Flame              Conj/Fire      ##....       11%         2    None
 Freezing Cloud           Conj/Ice/Air   ##........   100%        6    ######.
 Mephitic Cloud           Conj/Pois/Air  ##......     21%         3    None
 Ring of Flames           Chrm/Fire      ##........   100%        7    #######
 Venom Bolt               Conj/Pois      ##........   88%         5    ####...
 Olgreb's Toxic Radiance  Pois           ##......     56%         4    ##.....
 Death's Door             Chrm/Necr      ##........   100%        8    #######
 Animate Dead             Necr           N/A          56%         4    ##.....
 Pain                     Necr           ##..         7%          1    None
 Vampiric Draining        Necr           ##........   21%         3    None
 Haunt                    Necr/Summ      ###.......   100%        7    #######
 Borgnjor's Revivificati  Necr           ##........   100%        8    #######
 Sticky Flame             Conj/Fire      ##......     56%         4    ##.....
 Call Imp                 Summ           ###.....     4%          2    None
 Sting                    Conj/Pois      ##..         7%          1    None
 Sublimation of Blood     Necr           ##........   11%         2    None
 Tukima's Dance           Hex            ######..     1%          3    None
 Summon Demon             Summ           ###.......   63%         5    ####...
 Corpse Rot               Necr           N/A          11%         2    None
 Iron Shot                Conj/Erth      ##........   100%        6    ######.
 Swiftness                Chrm/Air       ##......     11%         2    None
 Recall                   Summ/Tloc      N/A          9%          3    None
 Statue Form              Tmut/Erth      ##.......    100%        6    ######.
 Necromutation            Tmut/Necr      ##........   100%        8    #######
 Shadow Creatures         Summ           N/A          99%         6    ######.
 Confusing Touch          Hex            ######       1%          1    None
 Flame Tongue             Conj/Fire      ##...        7%          1    None
 Metabolic Englaciation   Hex/Ice        #####.....   16%         5    ####...
 Shatter                  Erth           ##........   100%        9    #######
 Static Discharge         Conj/Air       ##......     21%         3    None
 Alistair's Intoxication  Tmut/Pois      ##......     88%         5    ####...
 Lee's Rapid Deconstruct  Erth           ##........   88%         5    ####...
 Simulacrum               Ice/Necr       ##........   100%        6    ######.
 Excruciating Wounds      Chrm/Necr      ##........   88%         5    ####...
 Petrify                  Tmut/Erth      ##......     56%         4    ##.....
 Passage of Golubria      Tloc           N/A          28%         4    ##.....
 Orb of Destruction       Conj           ##........   100%        7    #######
 Tornado                  Air            ##........   100%        9    #######
 Leda's Liquefaction      Hex/Erth       #####.....   6%          4    ##.....
 Inner Flame              Hex/Fire       #####...     1%          3    None
 Aura of Abjuration       Summ           ###.......   63%         5    ####...
 Iskenderun's Battlesphe  Conj/Chrm      ##......     88%         5    ####...
 Summon Forest            Summ/Tloc      ###.......   63%         5    ####...
 Spellforged Servitor     Conj/Summ      ###.......   100%        7    #######
 Gell's Gravitas          Tloc           ###.......   9%          3    None
 Yara's Violent Unravell  Hex/Tmut       #####.....   16%         5    ####...
 Infestation              Necr           ##........   100%        8    #######
 Lesser Beckoning         Tloc           ###.......   9%          3    None
 Poisonous Vapours        Pois/Air       ##....       11%         2    None
 Ignition                 Fire           ##........   100%        8    #######


Dungeon Overview and Level Annotations

Branches:
Dungeon (15/15)            Temple (1/1) D:4            Lair (6/6) D:8
 Shoals (0/4) Lair:2        Snake (1/4) Lair:4        Slime (0/5) Lair:6
    Orc (2/2) D:12            Elf (3/3) Orc:2        Vaults (0/5) D:13
 Depths (1/5) D:15

Altars:
Ashenzari
Cheibriados
Dithmenos
Elyvilon
Fedhas
Gozag
Hepliaklqana
Kikubaaqudgha
Makhleb
Nemelex Xobeh
Okawaru
Qazlal
Ru
Sif Muna
Trog
Uskayaw
Vehumet
Wu Jian
Xom
Yredelemnul
Zin
The Shining One
Beogh
Jiyva

Shops:
D:10 ?*[*   D:13 [:   D:14 !!::=   Orc:2 }%=[?   Elf:3 *

Annotations:
Lair:1 1 runed door, Sipn's ghost, journeyman OgTm


Innate Abilities, Weirdness & Mutations

You are very small and have problems with some larger weapons.
You are too small for most types of armour.
You have supernaturally acute eyesight. (SInv)
You are a herbivore.
You cover ground extremely quickly.
You need to consume almost no food.


Message History

Your skeletal warrior hits the deep elf mage from afar with a trident.
The deep elf mage casts a spell.
The deep elf mage blinks!
You see here a trident of venom.
You feel sick.
A halberd of protection comes into view.
You feel sick.
The deep elf mage casts a spell.
The deep elf mage blinks!
You feel sick.
Your phantasmal warrior blinks!
Your vampire knight blinks!
A deep elf knight comes into view. It is wielding a short sword.
You feel sick.
The deep elf knight unwields an uncursed short sword.
The deep elf knight wields a longbow.
The deep elf knight shoots an arrow.
The arrow hits you!
* * * LOW HITPOINT WARNING * * *
The halberd of protection hits you from afar!!
You die...
Your body rises from the dead as a mindless zombie.

#.....#..........[.
##.....######'###..#
##. #...'...#....##..
#.. #...'...#..)..#.#
#..###VD'.).'.....#..
#...#...')..#..)..#.#
#ยง.#.).'...#)...##..
#.zz..######'###..#
##V@D.)#............
##.D....#.#.#.#.#.#.#
#...(..##............
#....)###############
##.....## #.##
##.....##...##..
##.....e........
##....e..(.......
#......#.........


You could see a deep elf knight, a halberd of protection, 3 friendly bone
dragons, 2 friendly skeletal warriors and 2 friendly vampires.

Vanquished Creatures
  A deep elf blademaster (Elf:2)
  Gastronok (Orc:1)
  Roxanne (D:14)
  3 deep elf sorcerers (Elf:3)
  A deep elf elementalist (Elf:3)
  Nessos (D:14)
  A minotaur (Lab)
  A deep elf annihilator (Elf:3)
  The ghost of azzavlup the Carver, a journeyman DsBe of Trog (Lair:5)
  Azrael (Orc:2)
  4 deep elf demonologists
  4 deep elf death magi
  2 fire dragons
  5 vault guards (D:13)
  A deep elf high priest (Elf:3)
  An ice dragon (D:15)
  4 hydras
  18 two-headed ogres
  4 ogre magi
  3 centaur warriors
  2 death knights (D:13)
  5 dancing weapons
  Urug (Orc:1)
  6 death yaks
  A tengu warrior (D:15)
  7 deep elf knights
  Sonja (D:12)
  A fire crab (Volcano)
  3 unseen horrors
  3 deep elf archers
  An orc knight (Orc:2)
  An orange crystal statue (Elf:1)
  3 necromancers (Elf:1)
  A lindwurm (Volcano)
  26 deep elf magi
  8 ugly things
  A mana viper (shapeshifter) (Elf:3)
  An oklob plant (Lair:1)
  3 orc sorcerers
  4 slime creatures
  2 manticores
  2 centaur zombies (D:13)
  3 large abominations (Elf:1)
  Maurice (Orc:1)
  2 cyclopes
  4 black mambas
  An elephant (Lair:6)
  8 spiny frogs
  5 gargoyles
  4 rime drakes
  A freezing wraith (D:13)
  4 komodo dragons
  2 polar bears
  A meliai (shapeshifter) (D:13)
  4 trolls
  A wolf spider simulacrum (D:14)
  A hornet (D:12)
  A polar bear (shapeshifter) (D:14)
  11 hippogriffs
  4 blink frogs (Lair:2)
  Prince Ribbit (D:5)
  5 dream sheep
  3 wraiths
  17 yaks
  A vampire (D:13)
  4 wyverns
  4 steam dragons
  3 fire elementals
  3 vampire mosquitoes (D:14)
  8 fire bats
  5 basilisks
  7 hungry ghosts
  A soldier ant (D:15)
  2 wargs (Orc:1)
  A naga (Lair:4)
  4 hell hounds
  16 water moccasins
  9 porcupines
  3 swamp drakes (Lair:6)
  A hornet zombie (D:13)
  4 sky beasts
  14 orc warriors
  An eye of draining (D:14)
  2 necrophages
  A phantom (D:14)
  20 wolves
  2 black bears
  4 centaurs
  36 ogres
  12 crocodiles
  A big kobold (D:9)
  16 bullfrogs
  A gnoll sergeant (D:10)
  An elf zombie (Elf:1)
  4 scorpions
  2 killer bees (D:10)
  A troll zombie (D:12)
  A wight (D:10)
  A howler monkey (D:3)
  An electric eel (Elf:3)
  8 crimson imps
  A bullfrog zombie (D:6)
  2 quasits
  2 jellies
  16 orc priests
  A gnoll shaman (D:11)
  5 hounds
  A bullfrog skeleton (D:5)
  7 iguanas
  7 worker ants
  14 orc wizards
  A killer bee zombie (D:9)
  7 ogre zombies (D:12)
  A hound skeleton (D:8)
  A worker ant zombie (D:5)
  6 gnolls
  16 adders
  4 shadow imps
  An ooze (D:1)
  An adder zombie (D:5)
  2 adder skeletons
  3 worms
  2 dart slugs
  10 leopard geckos
  58 orcs
  A ball python (D:1)
  8 bats
  4 giant cockroaches
  6 goblins
  2 hobgoblins
  13 jackals
  7 kobolds
  3 quokkas
  7 frilled lizards
  A giant cockroach zombie (D:5)
  7 goblin zombies
  3 hobgoblin skeletons (D:12)
  A hobgoblin zombie (D:12)
  A jackal skeleton (D:4)
  14 orc zombies (D:12)
  6 rats
683 creatures vanquished.

Vanquished Creatures (collateral kills)
  Saint Roka (Orc:2)
  Rupert (D:12)
  2 deep elf blademasters (Elf:3)
  2 deep elf master archers (Elf:3)
  A frost giant (D:13)
  3 deep elf sorcerers (Elf:3)
  A deep elf elementalist (Elf:3)
  A stone giant (Orc:1)
  A deep elf annihilator (Elf:3)
  A deep elf demonologist (Elf:3)
  A deep elf death mage (Elf:3)
  A deep elf high priest (Elf:3)
  4 hydras
  The ghost of Thaneod the Destroyer, a journeyman DEAE of Vehumet (D:13)
  A great orb of eyes (D:14)
  5 two-headed ogres
  An ogre mage (Orc:2)
  6 dancing weapons
  9 death yaks
  6 deep elf knights
  A swamp dragon (Lair:6)
  A wizard (D:13)
  5 deep elf archers
  A large abomination (Elf:1)
  2 lindwurms (Lair:6)
  15 deep elf magi
  2 ugly things (D:14)
  4 elephants
  2 black mambas (Lair:6)
  3 spiny frogs (Lair:6)
  A centaur skeleton (D:14)
  A rime drake (Lair:6)
  A troll (D:13)
  A hornet (Lair:3)
  2 dream sheep
  5 blink frogs
  2 slime creatures
  A water elemental (Elf:2)
  10 yaks
  A spriggan (Lair:3)
  An air elemental (Elf:1)
  A tarantella (shapeshifter) (Elf:2)
  A wraith (D:13)
  A fire elemental (Elf:2)
  8 basilisks
  A wyvern (D:11)
  A water moccasin (D:10)
  A porcupine (Lair:3)
  9 orc warriors
  A phantom (D:11)
  3 ogres
  27 wolves
  A centaur (D:14)
  2 crocodiles
  An elf zombie (Elf:1)
  A big kobold (D:9)
  A bullfrog (D:13)
  2 killer bees (D:10)
  4 wights (D:10)
  3 orc priests
  6 orc wizards
  A worker ant (D:14)
  An iguana (D:11)
  3 gnolls
  19 orcs
  3 kobolds (D:9)
  7 fungi
  18 plants
238 creatures vanquished.

Vanquished Creatures (others)
  A deep elf sorcerer (Elf:3)
  A deep elf knight (Elf:1)
  A skeletal warrior (Elf:3)
  2 flayed ghosts
  6 phantasmal warriors
  A deep elf mage (Elf:1)
  3 elf zombies (Elf:3)
  A death yak zombie (Lair:6)
  A spectral elf (Lair:6)
  7 flying skulls
  6 vampires
  A wraith (Elf:3)
  3 wights
  A crimson imp (D:5)
  A basilisk zombie (D:14)
  A mummy (D:14)
  An adder zombie (D:11)
  A dart slug (shapeshifter) (D:9)
  4 fungi
  5 plants
48 creatures vanquished.

Grand Total: 969 creatures vanquished

Notes
Turn   | Place    | Note
-------+----------+-------------------------------------------
     0 | D:1      | iamserjio the Spriggan Monk began the quest for the Orb.
     0 | D:1      | Reached XP level 1. HP: 11/11 MP: 2/2
    63 | D:1      | Reached XP level 2. HP: 7/16 MP: 3/3
   403 | D:1      | Reached skill level 5 in Dodging
   999 | D:2      | Reached XP level 3. HP: 16/19 MP: 4/4
  2159 | D:3      | Noticed an orc warrior
  2195 | D:3      | Reached XP level 4. HP: 23/23 MP: 5/5
  2307 | D:3      | Reached skill level 6 in Dodging
  2791 | D:3      | Killed an orc warrior
  2791 | D:3      | Reached XP level 5. HP: 28/28 MP: 6/6
  3433 | D:4      | Found a staircase to the Ecumenical Temple.
  3442 | Temple   | Entered the Ecumenical Temple
  3480 | Temple   | Became a worshipper of Yredelemnul the Dark
  3480 | Temple   | Reached * piety under Yredelemnul
  3480 | Temple   | Reached ** piety under Yredelemnul
  3530 | D:4      | Noticed an ogre
  3967 | D:3      | Reached skill level 5 in Stealth
  4147 | D:4      | Reached skill level 7 in Dodging
  4206 | D:4      | Reached XP level 6. HP: 29/32 MP: 7/7
  4257 | D:4      | Reached skill level 1 in Invocations
  4740 | D:5      | Entered Level 5 of the Dungeon
  4886 | D:5      | HP: 1/32 [orc/flail (5)]
  5251 | D:5      | Reached XP level 7. HP: 36/36 MP: 9/9
  5457 | D:5      | Reached skill level 8 in Dodging
  5488 | D:5      | Reached skill level 5 in Short Blades
  5909 | D:5      | Noticed Prince Ribbit
  5925 | D:5      | Killed Prince Ribbit
  5925 | D:5      | Reached XP level 8. HP: 26/42 MP: 11/11
  6071 | D:5      | Found a shimmering altar of Xom.
  6147 | D:5      | Reached skill level 9 in Dodging
  6661 | D:6      | Reached *** piety under Yredelemnul
  7187 | D:6      | Reached skill level 10 in Dodging
  7187 | D:6      | Reached skill level 5 in Invocations
  7494 | D:6      | Reached XP level 9. HP: 39/45 MP: 14/14
  8023 | D:6      | Found a hazy altar of Hepliaklqana.
  8334 | D:7      | Reached skill level 11 in Dodging
  8334 | D:7      | Reached skill level 1 in Evocations
  9212 | D:7      | Reached skill level 12 in Dodging
  9847 | D:8      | Reached **** piety under Yredelemnul
 10252 | D:8      | Noticed a death yak
 10253 | D:8      | Found a staircase to the Lair.
 10253 | D:8      | Noticed a death yak
 10253 | D:8      | Noticed a death yak
 10253 | D:8      | Noticed a death yak
 10264 | D:8      | Noticed a death yak
 10265 | D:8      | Noticed a death yak
 10413 | D:9      | Reached XP level 10. HP: 49/50 MP: 16/16
 10414 | D:9      | Received a gift from Yredelemnul (a wight)
 10634 | D:9      | Noticed a two-headed ogre
 10641 | D:9      | Killed a two-headed ogre
 10641 | D:9      | Reached skill level 5 in Evocations
 11368 | D:9      | Received a gift from Yredelemnul (3 flying skulls)
 11776 | D:10     | Entered Level 10 of the Dungeon
 11779 | D:10     | Found Aclonog's Assorted Antiques.
 11796 | D:10     | Bought a scroll labeled ZUBY EMNAAROSS for 27 gold pieces
 11796 | D:10     | Bought a scroll labeled LAEH BUD LINILEIM for 27 gold pieces
 11846 | D:10     | Reached ***** piety under Yredelemnul
 11846 | D:10     | Reached skill level 5 in Fighting
 12272 | D:10     | Received a gift from Yredelemnul (4 flying skulls)
 12575 | D:10     | Learned a level 3 spell: Confuse
 12808 | D:10     | Reached skill level 1 in Spellcasting
 12808 | D:10     | Reached skill level 1 in Hexes
 12865 | D:10     | Found Tairil's Assorted Antiques.
 12873 | D:10     | Bought a scroll labeled VIMAUVUTES for 34 gold pieces
 12873 | D:10     | Bought a scroll of fog for 68 gold pieces
 12873 | D:10     | Bought a slimy dagger for 238 gold pieces
 12879 | D:10     | Identified the +8 dagger "Putu" {pierce, *Slow Str+4 Dex+4} (You bought it in a shop on level 10 of the Dungeon)
 12889 | D:10     | Found Luett's Antique Armour Boutique.
 13121 | D:10     | Noticed an unseen horror
 13128 | D:10     | Killed an unseen horror
 13183 | D:10     | Found Nafun's Magic Scroll Boutique.
 13191 | D:10     | Bought a scroll of identify for 28 gold pieces
 13329 | D:10     | Reached XP level 11. HP: 42/56 MP: 15/18
 13511 | D:11     | Noticed a green ugly thing
 13512 | D:11     | Killed a green ugly thing
 14035 | D:11     | Reached skill level 5 in Hexes
 14052 | D:11     | Noticed a white ugly thing
 14059 | D:11     | Killed a white ugly thing
 14059 | D:11     | Reached skill level 13 in Dodging
 14433 | D:11     | Received a gift from Yredelemnul (a mummy)
 14618 | D:11     | Noticed a cyan ugly thing
 14632 | D:11     | Killed a cyan ugly thing
 14842 | D:12     | Found a staircase to the Orcish Mines.
 15214 | D:12     | Noticed a deep elf mage
 15226 | D:12     | Killed a deep elf mage
 15226 | D:12     | Enslaved a deep elf mage
 15317 | D:12     | Received a gift from Yredelemnul (a wight)
 15365 | D:12     | Noticed Sonja
 15373 | D:12     | Killed Sonja
 15611 | D:12     | Received a gift from Yredelemnul (a vampire)
 16257 | D:12     | Noticed Rupert
 16262 | D:12     | Killed Rupert
 16262 | D:12     | Reached skill level 5 in Spellcasting
 16262 | D:12     | Reached XP level 12. HP: 62/62 MP: 17/21
 16441 | D:12     | Received a gift from Yredelemnul (a wight)
 16675 | D:12     | Noticed a two-headed ogre
 16677 | D:12     | Killed a two-headed ogre
 16792 | D:13     | Noticed a death knight
 16844 | D:13     | Killed a death knight
 16900 | D:13     | Found Hinn's Antique Armour Boutique.
 16923 | D:13     | Found a transporter.
 16925 | D:13     | Noticed Thaneod's ghost (journeyman DEAE)
 16925 | D:13     | Noticed a frost giant
 16927 | D:13     | Found a transporter.
 16927 | D:13     | Noticed a death knight
 16958 | D:13     | Noticed a vault guard
 17032 | D:13     | Killed a vault guard
 17037 | D:13     | Noticed an ogre mage
 17038 | D:13     | Noticed a vault guard
 17043 | D:13     | Noticed a vault guard
 17273 | D:13     | Learned a level 1 spell: Animate Skeleton
 17396 | D:13     | Found Aklonei's Book Emporium.
 17553 | D:13     | Received a gift from Yredelemnul (a wraith)
 17684 | D:13     | Noticed a vault guard
 17708 | D:13     | Killed a vault guard
 17708 | D:13     | Reached skill level 10 in Evocations
 17745 | D:13     | Noticed a vault guard
 17786 | D:13     | Killed a vault guard
 17786 | D:13     | Reached skill level 10 in Hexes
 18107 | D:13     | Killed an ogre mage
 18127 | D:13     | Killed a vault guard
 18221 | D:13     | Killed a vault guard
 18221 | D:13     | Reached XP level 13. HP: 67/67 MP: 16/24
 18266 | D:13     | Found a gate to the Vaults.
 18678 | D:14     | Noticed Roxanne
 18783 | D:14     | Received a gift from Yredelemnul (a vampire)
 18783 | D:14     | Reached ****** piety under Yredelemnul
 18986 | D:14     | Found Komoutt's Distillery.
 18988 | D:14     | Found Otarilal's Book Emporium.
 18989 | D:14     | Found Iveaff's Book Shoppe.
 19043 | D:14     | Found Pacismom's Distillery.
 19142 | D:14     | Reached skill level 14 in Dodging
 19179 | D:14     | Noticed Nessos
 19188 | D:14     | Killed Nessos
 19603 | D:14     | Bought a potion of curing for 45 gold pieces
 19603 | D:14     | Bought a potion of mutation for 120 gold pieces
 19725 | D:14     | Received a gift from Yredelemnul (a phantasmal warrior)
 19786 | D:14     | Got a brightly glowing glass ring
 19788 | D:14     | Identified the ring of Nurodobi {MR++ Int+5 Slay+2} (You found it on level 14 of the Dungeon)
 19863 | D:14     | Reached skill level 10 in Invocations
 20063 | D:14     | Found Sast's Jewellery Shop.
 20120 | D:14     | Reached skill level 10 in Stealth
 20553 | D:15     | Entered Level 15 of the Dungeon
 21237 | D:15     | Noticed a fire dragon
 21241 | D:15     | Found a staircase to the Depths.
 21254 | D:15     | Killed a fire dragon
 21451 | Depths:1 | Entered Level 1 of the Depths
 21485 | D:15     | Received a gift from Yredelemnul (a skeletal warrior)
 21658 | D:13     | Bought a brightly glowing cloak for 228 gold pieces
 21670 | D:13     | Identified the cursed -2 cloak of Focus {+Inv Int+7} (You bought it in a shop on level 13 of the Dungeon)
 21979 | Orc:1    | Entered Level 1 of the Orcish Mines
 21990 | Orc:1    | Learned a level 2 spell: Blink
 21993 | Orc:1    | Learned a level 2 spell: Slow
 22059 | Orc:2    | Entered Level 2 of the Orcish Mines
 22253 | Orc:2    | Found a staircase to the Elven Halls.
 22260 | Orc:2    | Found Cugaumil's Gadget Shoppe.
 22264 | Orc:2    | Noticed Saint Roka
 22303 | Orc:1    | Noticed a stone giant
 22322 | Orc:1    | Killed a stone giant
 22651 | Orc:1    | Noticed Gastronok
 22653 | Orc:1    | Noticed Urug
 22664 | Orc:1    | Killed Gastronok
 22676 | Orc:1    | Killed Urug
 22676 | Orc:1    | Reached XP level 14. HP: 74/74 MP: 22/27
 22805 | Orc:1    | Received a gift from Yredelemnul (a phantasmal warrior)
 22837 | Orc:1    | Noticed Maurice
 22841 | Orc:1    | Received a gift from Yredelemnul (a phantasmal warrior)
 22854 | Orc:1    | Killed Maurice
 22860 | Orc:1    | Found a roughly hewn altar of Beogh.
 22982 | Orc:1    | Found a roughly hewn altar of Beogh.
 23174 | Orc:1    | Reached skill level 10 in Short Blades
 23731 | Orc:2    | Killed Saint Roka
 23731 | Orc:2    | Reached skill level 15 in Dodging
 23968 | Orc:2    | Received a gift from Yredelemnul (a vampire)
 24207 | Orc:2    | Found Zilenkik's Food Shop.
 24207 | Orc:2    | Found Sagh's Jewellery Shoppe.
 24232 | Orc:2    | Found Kaop's Magic Scroll Boutique.
 24232 | Orc:2    | Found Oskuptos's Armour Shoppe.
 24291 | Orc:2    | Noticed Azrael
 24418 | Orc:2    | Killed Azrael
 24554 | Orc:2    | Received a gift from Yredelemnul (a vampire)
 24749 | Orc:2    | Reached skill level 16 in Dodging
 24959 | Orc:2    | Bought a scroll of vulnerability for 112 gold pieces
 24959 | Orc:2    | Bought a scroll of identify for 30 gold pieces
 24959 | Orc:2    | Bought a scroll of blinking for 112 gold pieces
 24959 | Orc:2    | Bought a scroll of identify for 30 gold pieces
 24961 | Orc:2    | Bought a scroll of teleportation for 45 gold pieces
 25281 | D:10     | Bought a scroll of magic mapping for 49 gold pieces
 25281 | D:10     | Bought a scroll of immolation for 49 gold pieces
 25281 | D:10     | Bought a scroll of identify for 28 gold pieces
 25281 | D:10     | Bought a scroll of enchant armour for 105 gold pieces
 25281 | D:10     | Bought a scroll of identify for 28 gold pieces
 25386 | D:13     | Bought a runed robe for 88 gold pieces
 26011 | Lair:1   | Entered Level 1 of the Lair of Beasts
 26069 | Lair:1   | Found a runed door.
 26074 | Lair:1   | Noticed Sipn's ghost (journeyman OgTm)
 26401 | Lair:1   | Found a sacrificial altar of Ru.
 27186 | Lair:2   | Found a dark tunnel.
 27209 | Volcano  | Entered a volcano
 27413 | Lair:2   | Received a gift from Yredelemnul (a phantasmal warrior)
 27706 | Lair:2   | Found a staircase to the Shoals.
 27779 | Lair:2   | Reached XP level 15. HP: 71/79 MP: 22/28
 27781 | Lair:2   | Received a gift from Yredelemnul (a phantasmal warrior)
 28126 | Lair:3   | Received a gift from Yredelemnul (a phantasmal warrior)
 28164 | Lair:3   | Received a gift from Yredelemnul (a flayed ghost)
 28241 | Lair:3   | Received a gift from Yredelemnul (a vampire)
 29334 | Lair:4   | Found a labyrinth entrance.
 29343 | Lab      | Entered a labyrinth
 29883 | Lab      | Learned a level 3 spell: Regeneration
 30714 | Lair:4   | Found a staircase to the Snake Pit.
 31093 | Lair:5   | Found a runed door.
 31093 | Lair:5   | Noticed azzavlup's ghost (journeyman DsBe)
 31605 | Lair:5   | Reached skill level 10 in Fighting
 31812 | Lair:5   | Killed azzavlup's ghost
 31812 | Lair:5   | Received a gift from Yredelemnul (a skeletal warrior)
 32088 | Lair:5   | Found the +8 whip "Snakebite" {curare, rPois}
 32195 | Lair:6   | Entered Level 6 of the Lair of Beasts
 32231 | Lair:6   | Received a gift from Yredelemnul (a vampire)
 32430 | Lair:6   | Reached skill level 1 in Translocations
 32628 | Lair:5   | Received a gift from Yredelemnul (a skeletal warrior)
 32725 | Lair:6   | Found a viscous altar of Jiyva.
 32725 | Lair:6   | Found a staircase to the Slime Pits.
 33579 | Lair:6   | Received a gift from Yredelemnul (a phantasmal warrior)
 33735 | Lair:6   | Reached skill level 15 in Stealth
 34213 | Snake:1  | Entered Level 1 of the Snake Pit
 34594 | D:10     | Bought a tiny brass amulet for 170 gold pieces
 34748 | Orc:2    | Bought a +2 amulet of reflection for 135 gold pieces
 34872 | D:13     | Killed a frost giant
 34879 | D:13     | Killed Thaneod's ghost
 34959 | D:14     | Bought a potion of magic for 120 gold pieces
 35023 | D:14     | Reached skill level 1 in Armour
 35046 | D:14     | Killed Roxanne
 35144 | Elf:1    | Entered Level 1 of the Elven Halls
 35173 | Elf:1    | Received a gift from Yredelemnul (a bone dragon)
 35388 | Elf:1    | Reached XP level 16. HP: 86/86 MP: 29/29
 35513 | Elf:1    | Reached skill level 17 in Dodging
 35515 | Elf:1    | Identified the Reference Book on Unholy Arts
 36228 | Elf:1    | Received a gift from Yredelemnul (a vampire)
 36787 | Elf:2    | Reached skill level 15 in Evocations
 36808 | Elf:2    | Found a huge runed gate.
 36808 | Elf:2    | Found a huge runed gate.
 36808 | Elf:2    | Found a huge runed gate.
 36809 | Elf:2    | Found a huge runed gate.
 36809 | Elf:2    | Found a huge runed gate.
 36811 | Elf:2    | Received a gift from Yredelemnul (a bone dragon)
 37393 | Elf:2    | Identified 2 scrolls of acquirement
 37399 | Elf:3    | Entered Level 3 of the Elven Halls
 37718 | Elf:3    | Received a gift from Yredelemnul (a vampire knight)
 38052 | Elf:3    | Found Teeroefoh's Assorted Antiques.
 38097 | Elf:2    | Upgraded the game from 0.22-a0-772-gac08f70 to 0.22-a0-776-ge6d7efa
 38137 | Elf:2    | Received a gift from Yredelemnul (a vampire)
 38141 | Elf:3    | Found an ancient bone altar of Kikubaaqudgha.
 38206 | Elf:3    | Noticed a Tzitzimitl
 38208 | Elf:3    | Noticed a Hell Sentinel
 38344 | Elf:2    | Reached skill level 18 in Dodging
 38614 | Elf:3    | Learned a level 5 spell: Summon Mana Viper
 39569 | Elf:3    | Reached skill level 1 in Summonings
 39777 | Elf:3    | Received a gift from Yredelemnul (a flayed ghost)
 39988 | Elf:3    | Noticed a deep elf blademaster
 40211 | Elf:3    | Noticed a Tzitzimitl
 40298 | Elf:3    | Identified the ring "Vajyha" {rF+ MR+} (You took it off a deep elf demonologist on level 3 of the Elven Halls)
 40300 | Elf:3    | Identified the +6 scimitar of Fejux {speed, *Slow rPois rF+ SInv} (You took it off a deep elf demonologist on level 3 of the Elven Halls)
 40344 | Elf:3    | Killed a deep elf blademaster
 40481 | Elf:3    | Found the +2 Maxwell's thermic engine {flame, freeze, rF- rC-}
 40484 | Elf:3    | Noticed a deep elf master archer
 40485 | Elf:3    | Noticed a deep elf blademaster
 40508 | Elf:3    | Killed a deep elf blademaster
 40554 | Elf:3    | Killed a deep elf master archer
 40559 | Elf:3    | Reached XP level 17. HP: 51/91 MP: 30/30
 40645 | Elf:3    | Got a warped steel amulet
 40677 | Elf:3    | Identified the amulet "Bokhiriq" {Gourm Int+5} (You found it on level 3 of the Elven Halls)
 40773 | Elf:3    | Noticed a deep elf master archer
 40787 | Elf:3    | Killed a deep elf master archer
 41058 | Elf:3    | Learned a level 1 spell: Apportation
 41061 | Elf:3    | Learned a level 2 spell: Passwall
 41068 | Elf:3    | Learned a level 6 spell: Invisibility
 41075 | Elf:3    | Learned a level 6 spell: Darkness
 41077 | Elf:3    | Learned a level 1 spell: Summon Butterflies
 41150 | Elf:2    | Noticed a deep elf blademaster
 41172 | Elf:2    | Killed a deep elf blademaster
 41273 | Elf:2    | Received a gift from Yredelemnul (a bone dragon)
 41279 | Elf:2    | Mangled by a halberd of protection

Vault maps used:
D:1:      dpeg_arrival_simpleton_c, serial_bayou_pond_d,
          kennysheep_small_spiral, eino_curves_04
D:3:      minmay_wonky_spiral
D:4:      minmay_temple_entry_statues_pillars
D:5:      first_ration, st_stairs_8, led_xom_imps, uniq_prince_ribbit1
D:6:      lemuel_round_altar
D:8:      dpeg_lair_monsters
D:9:      blue_anna_alchemist, bh_walls_and_bars
D:10:     serial_shops, nicolae_shop_competitors_out_of_business,
          nicolae_shop_statue_plus, nicolae_shop_stone,
          nicolae_shop_overgrown_old_shop
D:12:     zombieorc2_lemuel, uniq_rupert, uniq_sonja
D:13:     grunt_vaults_entry_fortified, gammafunk_ghost_arena, serial_shops,
          shop_statue, shop_fountains
D:14:     serial_co_window_serial, co_window_of_opportunity_a,
          co_window_paths_b, co_window_paths_a, co_window_corner_a,
          co_window_paths_a, co_window_corner_a, co_window_corner_a,
          co_window_corner_a, co_window_corner_a, co_window_broadway_a,
          co_window_of_opportunity_b, co_window_cross_4,
          co_window_of_opportunity_b, co_window_2corner, serial_shops, shop,
          kennysheep_little_box, shop, shop_statue, shop, uniq_nessos,
          uniq_roxanne
D:15:     grunt_enter_depths_hoard, minmay_misc_feat_tiny
Temple:   nicolae_temple_the_god_donut
Lair:1:   hellmonk_ghost_happy_afterlife, lemuel_oklob_altar,
          grunt_megastairs_3, serial_bayou_shore_b
Lair:2:   minmay_shoals_entry_beasts, nicolae_volcano_entry_batcave,
          lemuel_fruit_fields
Lair:3:   grunt_forest_large_clearings
Lair:4:   guppyfry_snake_entry_garden, lab_entry_generic
Lair:5:   minmay_guarded_unrand_snakebite, hellmonk_ghost_happy_afterlife,
          kennysheep_basilisk_garden
Lair:6:   guppyfry_lair_end_dragon, hangedman_lair_in_review, slime_altar_1,
          minivault_19
Snake:1:  basic_altar, special_room, uniq_louise
Orc:1:    basic_altar, minmay_orc_temple_b, uniq_urug, uniq_gastronok,
          uniq_maurice
Orc:2:    st_orc_ogre_mass, serial_shops, shop, uniq_saint_roka, uniq_azrael
Elf:1:    eino_elf_arrival_customs, minmay_elf_necromancy, minivault_16
Elf:2:    uniq_aizul
Elf:3:    elf_hall_gauntlet_wide, serial_shops, nicolae_shop_waterfront,
          basic_altar
Depths:1: enter_ziggurat_e, grunt_mini_vestibule, minmay_strange_pillars,
          abyss_entry_glasseish, st_stairs_6, dk_noncrumbling_2,
          minmay_shop_grid_forest, minmay_hedge_maze, minmay_protected_statue,
          serial_bayou_shore_b, grunt_megastairs_4, firewood_loft
Lab:      labyrinth_hidden_loot, lab_block
Volcano:  volcano_pools

Skill      XL: |  1  2  3  4  5  6  7  8  9 10 11 12 13 14 15 16 17 |
---------------+----------------------------------------------------+-----
Dodging        | 5 6 7 8 10 12 13 14 16 18 | 18.6
Stealth        | 4 5 6 7 8 10 13 15 16 | 16.5
Short Blades   | 4 5 6 7 8 9 10 | 10.0
Fighting       | 3 4 5 6 7 8 9 10 11 | 11.2
Invocations    | 2 3 5 6 8 9 10 11 | 11.0
Evocations     | 4 7 9 10 11 13 14 15 | 15.6
Spellcasting   | 2 5 7 8 |  8.8
Hexes          | 3 8 10 11 12 | 12.0
Translocations | 2 |  2.1
Armour         | 1 3 |  3.7
Summonings     | 1 2 |  2.0

Action                   |  1- 3 |  4- 6 |  7- 9 | 10-12 | 13-15 | 16-18 || total
-------------------------+-------+-------+-------+-------+-------+-------++-------
Melee: Short sword       |   128 |    51 |       |       |       |       ||   179
       Rapier            |       |    88 |   139 |       |       |       ||   227
       Dagger            |       |       |   474 |   885 |  1093 |   312 ||  2764
 Fire: Blowgun           |       |    33 |    71 |       |       |       ||   104
Throw: Tomahawk          |       |       |     3 |       |       |       ||     3
       Stone             |       |       |     4 |       |       |       ||     4
 Cast: Confuse           |       |       |       |    37 |   207 |    10 ||   254
Invok: Injury Mirror     |       |       |     1 |       |       |       ||     1
       Recall Undead Sla |       |       |       |     8 |    23 |    26 ||    57
       Animate Dead      |       |       |       |     2 |     5 |     2 ||     9
       Enslave Soul      |       |       |       |     1 |     1 |       ||     2
       Drain Life        |       |       |       |       |     1 |       ||     1
 Abil: Evoke Flight      |       |       |       |     4 |       |       ||     4
       Evoke Invisibilit |       |       |       |       |     4 |     2 ||     6
Evoke: Wand              |       |    16 |    27 |    21 |    11 |    15 ||    90
       Sack of spiders   |       |       |       |       |       |     2 ||     2
  Use: Scroll            |       |     6 |     4 |     6 |    19 |     7 ||    42
       Potion            |       |       |       |       |     3 |       ||     3
 Stab: Sleeping          |     8 |     3 |     6 |    34 |    53 |    20 ||   124
       Distracted        |       |       |     3 |     4 |    16 |     8 ||    31
       Paralysed         |       |       |     5 |     6 |     2 |     1 ||    14
       Confused          |       |       |     4 |    18 |    91 |       ||   113
       Petrifying        |       |       |     2 |       |       |       ||     2
       Petrified         |       |       |       |     1 |       |       ||     1
       Invisible         |       |       |       |       |     6 |     2 ||     8
  Eat: Ration            |       |       |     4 |     7 |    11 |     4 ||    26
Armor: Robe              |     4 |     8 |    39 |    11 |     1 |       ||    63
       Troll leather arm |       |       |       |     4 |    40 |     9 ||    53
       Shadow dragon sca |       |       |       |       |    22 |       ||    22
Dodge: Dodged            |    90 |   135 |   460 |   564 |   880 |   236 ||  2365
Block: Other             |       |       |       |       |     3 |     7 ||    10

Table legend:
 A = Spawn XP
 B = Non-spawn XP
 C = Spawn XP percentage of total XP
 D = Spawn monster count
 E = Non-spawn monster count
 F = Spawn count percentage of total count
 G = Total turns spent on level
                    A         B        C        D         E        F      G
               +---------+---------+-------+---------+---------+-------+---------
         Total |       0 |  223604 |   0.0 |       0 |     901 |   0.0 | 41279
               +---------+---------+-------+---------+---------+-------+---------
           D:1 |       0 |      33 |   0.0 |       0 |      15 |   0.0 |   933
           D:2 |       0 |      53 |   0.0 |       0 |      17 |   0.0 |  1128
           D:3 |       0 |     269 |   0.0 |       0 |      19 |   0.0 |  1909
           D:4 |       0 |     330 |   0.0 |       0 |      16 |   0.0 |  1133
           D:5 |       0 |    1088 |   0.0 |       0 |      31 |   0.0 |  1430
           D:6 |       0 |    1378 |   0.0 |       0 |      29 |   0.0 |  1674
           D:7 |       0 |    1550 |   0.0 |       0 |      17 |   0.0 |  1588
           D:8 |       0 |    5247 |   0.0 |       0 |      28 |   0.0 |  1117
           D:9 |       0 |    2284 |   0.0 |       0 |      41 |   0.0 |  1612
          D:10 |       0 |    3397 |   0.0 |       0 |      40 |   0.0 |  1967
          D:11 |       0 |    6106 |   0.0 |       0 |      36 |   0.0 |  1760
          D:12 |       0 |    6475 |   0.0 |       0 |      53 |   0.0 |  1874
          D:13 |       0 |   18993 |   0.0 |       0 |      51 |   0.0 |  2229
          D:14 |       0 |   18310 |   0.0 |       0 |      45 |   0.0 |  2008
          D:15 |       0 |    6406 |   0.0 |       0 |       8 |   0.0 |  1043
        Lair:1 |       0 |    2742 |   0.0 |       0 |      13 |   0.0 |  1086
        Lair:2 |       0 |    5603 |   0.0 |       0 |      25 |   0.0 |   893
        Lair:3 |       0 |    5578 |   0.0 |       0 |      49 |   0.0 |  1178
        Lair:4 |       0 |    4255 |   0.0 |       0 |      11 |   0.0 |  1242
        Lair:5 |       0 |   11304 |   0.0 |       0 |      52 |   0.0 |  1394
        Lair:6 |       0 |   14148 |   0.0 |       0 |      54 |   0.0 |  1713
         Orc:1 |       0 |    5381 |   0.0 |       0 |      51 |   0.0 |  1496
         Orc:2 |       0 |   24259 |   0.0 |       0 |      68 |   0.0 |  1911
         Elf:1 |       0 |   16104 |   0.0 |       0 |      34 |   0.0 |  1177
         Elf:2 |       0 |   19864 |   0.0 |       0 |      38 |   0.0 |  1401
         Elf:3 |       0 |   37929 |   0.0 |       0 |      47 |   0.0 |  3557
           Lab |       0 |    2033 |   0.0 |       0 |       5 |   0.0 |   593
       Volcano |       0 |    2485 |   0.0 |       0 |       8 |   0.0 |   164
               +---------+---------+-------+---------+---------+-------+---------
